 Dungeon Crawl Stone Soup version 0.24.0-13-gcf9b3192b9 (webtiles) character file.

Game seed: 4453899804973228032, levelgen mode: deterministic

344 Mesmaeker13 the Magician (level 6, -3/67 HPs)
             Began as a Draconian Wizard on Nov 7, 2019.
             Slain by a gnoll
             ... wielding a +0 club
              (5 damage)
             ... on level 3 of the Dungeon.
             The game lasted 00:10:08 (4998 turns).

Mesmaeker13 the Magician (Draconian Wizard)         Turns: 4998, Time: 00:10:09

Health: -3/67      AC: 23    Str:  9 (10) XL:     6   Next: 31%
Magic:  12/12      EV:  2    Int: 21 (24) God:
Gold:   128        SH:  0    Dex:  9 (10) Spells: 7/13 levels left

rFire    . . .     SeeInvis .   s - +2 spear (pierce)
rCold    . . .     Gourm    .   (no shield)
rNeg     + + +     Faith    .   (armour unavailable)
rPois    +         Spirit   .   (helmet currently unavailable)
rElec    .         Reflect  .   (cloak currently unavailable)
rCorr    .         Harm     .   (gloves currently unavailable)
MR       .....     Clarity  +   (boots currently unavailable) Stlth ++........NoTele +
                                (no amulet)
HPRegen  0.21/turn              (no ring)
MPRegen  0.13/turn              (no ring)

@: brilliant, tree-form, berserk cooldown, slowed, very slow
A: unfitting armour, clarity, MP-powered wands, AC +6
a: no special abilities


You were on level 3 of the Dungeon.
You were not hungry.
You were a tree.
You visited 1 branch of the dungeon, and saw 3 of its levels.

You collected 128 gold pieces.

Inventory:

Hand Weapons
 s - a +2 spear of piercing (weapon)
Missiles
 j - 16 poisoned darts (quivered)
 r - 2 throwing nets
Armour
 a - a +0 hat (melded)
Scrolls
 b - 2 scrolls of amnesia
Potions
 d - a potion of degeneration
 h - a potion of lignification
Comestibles
 i - 6 chunks of flesh
 l - 2 rations


   Skills:
 + Level 3.7 Dodging
 - Level 1.7 Stealth
 - Level 4.0 Spellcasting
 + Level 3.7 Conjurations
 + Level 2.3 Summonings
   Level 1.0 Translocations


You had 7 spell levels left.
You knew the following spells:

 Your Spells              Type           Power        Failure   Level  Hunger
a - Magic Dart            Conj           ####         1%          1    None
b - Call Imp              Summ           ####....     1%          2    #......
c - Mephitic Cloud        Conj/Pois/Air  ###.....     2%          3    ###....

Your spell library contained the following spells:

 Spells                   Type           Power        Failure   Level  Hunger
 Blink                    Tloc           N/A          1%          2    #......
 Slow                     Hex            ###.....     2%          2    #......
 Conjure Flame            Conj/Fire      ###.....     2%          3    ###....


Dungeon Overview and Level Annotations

Branches:
Dungeon (3/15)

Altars:

Annotations:
D:3 Ijyb


Innate Abilities, Weirdness & Mutations

((Your plain brown scales are hard. (AC +6)))
You cannot fit into any form of body armour.
((You are cold-blooded and may be slowed by cold attacks.))
((You have very sharp teeth.))
You possess an exceptional clarity of mind.
((Your system is resistant to poisons. (rPois)))
You expend magic power (3 MP) to strengthen your wands.


Message History

Unknown command.
Unknown command.
The gnoll hits you but does no damage.
The gnoll shaman calls upon its god to heal the gnoll.
The gnoll's wounds heal themselves!
The gnoll hits you but does no damage. The ogre hits you but does no damage.
The gnoll shaman hits you but does no damage.
Unknown command.
Unknown command.
The gnoll hits you but does no damage. x2; The ogre barely misses you.
The gnoll shaman hits you but does no damage.
Okay, then.
Okay, then.
Unknown command.
The gnoll hits you but does no damage.
The gnoll shaman hits you but does no damage.
The gnoll hits you but does no damage. The ogre hits you but does no damage.
The gnoll shaman hits you but does no damage.
You closely miss the gnoll. The gnoll hits you with a +0 club.
You die...

)≈≈.#,**''*,,,,,,,,,≈≈,,,,,,,,,*'
≈≈≈.#,,,,,*,,,,,,,,,≈≈..,,,,,,,*,
≈≈≈.#,,,,,*,,,,,,,*,,..*,,,,,,,*,
≈≈≈.#,*****'*******##'####****'**
≈≈≈.#,*,,,*,,,,,,,'.g..'.,,,,,,*,
≈≈≈.#..,*,*,,,,,,,#....#,,,,,,,*,
≈≈###'#,,,*,,,,,,,#....#,,,,,,,*,
≈≈#...#############')''##########
≈≈#...#......)).♣gg........(.g...
≈≈#####≈≈≈≈≈≈≈))gO≈....≈≈≈≈≈≈≈≈≈≈
≈≈≈≈≈≈≈≈≈≈≈≈≈≈≈≈≈≈≈....≈≈≈≈≈≈≈≈≈≈
≈≈≈≈≈≈≈≈≈≈)≈≈≈≈≈≈≈≈.)..≈≈≈≈≈≈≈≈g≈
...........)))...................
##################.)...##.#######
#.##.###.###....
###############.##.##.........
#.....................)####.##


You could see an ogre, a gnoll shaman (inner flame) and 2 gnolls.

Vanquished Creatures
  A howler monkey (D:2)
  A gnoll shaman (D:3)
  12 gnolls
  An adder (D:3)
  A worm (D:2)
  2 dart slugs (D:1)
  A leopard gecko (D:2)
  3 giant cockroaches
  4 goblins
  6 hobgoblins
  15 jackals
  6 kobolds
  6 bats
  2 frilled lizards (D:1)
  17 rats
78 creatures vanquished.

Vanquished Creatures (collateral kills)
  15 gnolls
  2 jackals (D:3)
17 creatures vanquished.

Grand Total: 95 creatures vanquished

Notes
Turn   | Place    | Note
-------+----------+-------------------------------------------
     0 | D:1      | Mesmaeker13 the Draconian Wizard began the quest for the
                  | Orb.
     0 | D:1      | Reached XP level 1. HP: 14/14 MP: 4/4
   408 | D:1      | Reached XP level 2. HP: 20/20 MP: 1/6
  1558 | D:1      | Reached XP level 3. HP: 26/26 MP: 0/7
  2068 | D:2      | Learned a level 2 spell: Call Imp
  2336 | D:2      | Reached XP level 4. HP: 15/33 MP: 0/9
  3464 | D:3      | Reached XP level 5. HP: 37/38 MP: 3/10
  3773 | D:3      | Noticed Ijyb
  3825 | D:3      | Reached skill level 4 in Spellcasting
  4400 | D:3      | Learned a level 3 spell: Mephitic Cloud
  4810 | D:3      | Reached XP level 6. HP: 37/45 MP: 5/12
  4983 | D:3      | Gained mutation: Your system is resistant to poisons.
                  | (rPois) [potion of mutation]
  4983 | D:3      | Gained mutation: You have very sharp teeth. [potion of
                  | mutation]
  4983 | D:3      | Gained mutation: You expend magic power (3 MP) to
                  | strengthen your wands. [potion of mutation]
  4983 | D:3      | Gained mutation: You possess an exceptional clarity of
                  | mind. [potion of mutation]
  4994 | D:3      | HP: 1/67 [ogre/+0 giant club (16)]
  4998 | D:3      | Slain by a gnoll

Levels and vault maps discovered:
D:1:      erik_arrival_orb_chamber, layout_basic
D:2:      layout_rooms, corexii_hall_statues_x
D:3:      lemuel_castle_with_subvaults [lemuel_castle_interior_carwin_3],
          layout_loops_ring, nicolae_ru_the_path_less_chosen, uniq_ijyb

Skill      XL: |  1  2  3  4  5  6 |
---------------+-------------------+-----
Dodging        | 2 3 |  3.7
Conjurations   | 2 3 |  3.7
Spellcasting   | 4 |  4.0
Summonings     | 2 |  2.3
Stealth        | |  1.7
Translocations | |  1.0

Action                   |  1- 3 |  4- 6 || total
-------------------------+-------+-------++-------
Melee: Unarmed           |    67 |    12 ||    79
       Tailslap          |    11 |     9 ||    20
       Dagger            |       |    84 ||    84
       Spear             |       |    31 ||    31
 Cast: Magic Dart        |    75 |    78 ||   153
       Call Imp          |     1 |    19 ||    20
       Mephitic Cloud    |       |     2 ||     2
  Use: Scroll            |       |     6 ||     6
       Potion            |       |     8 ||     8
 Stab: Distracted        |       |     1 ||     1
  Eat: Ration            |     1 |       ||     1
       Chunk             |     1 |     9 ||    10
Armor: Skin              |    25 |    96 ||   121
Dodge: Dodged            |    41 |   162 ||   203
